 Dungeon Crawl Stone Soup version 0.29.1-1-gd02db6906a (webtiles) character file.

Game seed: 4761728363735436127

11 xian the Sneak (level 2, 0/27 HPs)
             Began as a Minotaur Delver on Sept 28, 2022.
             Slain by an ufetubus (2 damage)
             ... on level 4 of the Dungeon.
             The game lasted 00:01:00 (179 turns).

xian the Sneak (Minotaur Delver)                     Turns: 179, Time: 00:01:02

Health: 0/27       AC:  3    Str: 16    XL:     2   Next: 17%
Magic:  1/1        EV: 11    Int:  7    God:
Gold:   41         SH:  0    Dex: 11    Spells: 1/1 levels left

rFire   . . .      SeeInvis .   a - +0 hand axe
rCold   . . .      Faith    .   (no shield)
rNeg    . . .      Spirit   .   b - +0 leather armour
rPois   .          Reflect  .   (helmet restricted)
rElec   .          Harm     .   (no cloak)
rCorr   .          Rampage  .   (no gloves)
Will    .....                   (no boots)
Stlth   ++........              (no amulet)
HPRegen 0.09/turn               (no ring)
MPRegen 0.07/turn               (no ring)

@: no status effects
A: horns 2, retaliatory headbutt
a: no special abilities


You were on level 4 of the Dungeon.
You visited 1 branch of the dungeon, and saw 2 of its levels.

You collected 41 gold pieces.

Inventory:

Hand Weapons
 a - a +0 hand axe (weapon)
Armour
 b - a +0 leather armour (worn)
Wands
 g - a wand of digging (3)
Scrolls
 c - a scroll of fog
 e - a scroll of fear
 i - a scroll of poison {unknown}
Potions
 d - a potion of lignification {unknown}
 f - a potion of haste
 h - a potion of invisibility {unknown}


   Skills:
 + Level 3.8 Fighting
 + Level 2.5 Axes
 + Level 2.2 Dodging
 + Level 4.4 Stealth


You had one spell level left.
You didn't know any spells.
Your spell library contained the following spells:

 Spells                   Type           Power      Damage    Failure   Level
 Ensorcelled Hibernation  Hex/Ice        0%         N/A       65%         2
 Spider Form              Tmut/Pois      0%         N/A       86%         3
 Anguish                  Hex/Necr       0%         N/A       99%         4


Dungeon Overview and Level Annotations

Branches:
Dungeon (5/15)             Temple (0/1) D:4

Altars:
Cheibriados


Innate Abilities, Weirdness & Mutations

You have a pair of horns on your head.
You reflexively headbutt those who attack you in melee.


Message History

You hit the hobgoblin but do no damage. Your headbutt misses the hobgoblin.
The hobgoblin hits you.
You barely miss the hobgoblin. The hobgoblin hits you.
You hit the hobgoblin but do no damage. You punch the hobgoblin.
The hobgoblin is severely wounded.
The hobgoblin hits you.
You hit the hobgoblin.
The hobgoblin is almost dead.
The hobgoblin hits you.
You hit the hobgoblin.
You kill the hobgoblin!
Found 13 gold pieces.
An endoplasm comes into view.
d - an amethyst potion A ball python comes into view.
The ball python hisses angrily.
An ufetubus comes into view.
Found a scroll labelled DILIULO LEERI.
The ball python bites you but does no damage.
The ball python grabs you. The ball python constricts you.
You closely miss the ball python. You headbutt the ball python.
The ball python is heavily wounded.
The ball python bites you but does no damage.
The ball python constricts you.
You hit the ball python.
You kill the ball python!
You hit the ufetubus. The ufetubus hits you.
* * * LOW HITPOINT WARNING * * *
The ufetubus barely misses you. The ufetubus hits you.
* * * LOW HITPOINT WARNING * * *
The ufetubus hits you.
* * * LOW HITPOINT WARNING * * *
You barely miss the ufetubus. You headbutt the ufetubus.
The ufetubus is moderately wounded.
The ufetubus barely misses you. The ufetubus hits you.
* * * LOW HITPOINT WARNING * * *
The ufetubus hits you.
* * * LOW HITPOINT WARNING * * *
The ufetubus hits you.
You die...

...#...........#......$,,,**,<***
...#...............###.,,,,,,,,,,
####...............# *,,,,,,,,,,,
............#...>..#**,,,,,,,,,,,
............#......#,,,,,,****,,*
............#......#,,,,,,,,,,,,,
####.............###,,,.*,,,,,,,,
* ######........###....*,,,,,,,,
* #.......@5......*,,,,,,,,
********#.......†......?*,,,,,,,,
,,,,,,,.................*,*****,,
,,,,,,...........#......,,*,,,*,,
,,,,,............#......,,+,∩,*,,
,,,,,....#########...#..,,*,,,*,,
,,,,,,,..* *,..#,.,,*****,,
********** *,..#,,,,,,,,,,,
*,,,*,,,********


You could see an ufetubus.

Vanquished Creatures
  An adder (D:4)
  A ball python (D:4)
  A hobgoblin (D:4)
3 creatures vanquished.

Notes
Turn   | Place    | Note
-------+----------+-------------------------------------------
     0 | D:5      | xian the Minotaur Delver began the quest for the Orb.
     0 | D:5      | Reached XP level 1. HP: 19/19 MP: 0/0
    17 | D:5      | Noticed a black bear
    89 | D:4      | Reached XP level 2. HP: 17/27 MP: 1/1
   106 | D:4      | Found a snail-covered altar of Cheibriados.
   179 | D:4      | Slain by an ufetubus

Illustrated notes

Levels and vault maps discovered:
D:4:      layout_basic, cheibriados_altar_1, amcnicky_altar_gilded,
          minmay_temple_entry_tees, portal_sewer_entry_e, enter_ossuary_2,
          hex_tiny, uniq_grinder
D:5:      layout_loops_ring, mainiacjoe_overflow_24_doors,
          uniq_crazy_yiuf_cottage, uniq_duvessa, uniq_edmund

Action                   || total
-------------------------++-------
Melee: Hand axe          ||    16
       Headbutt          ||     3
       Punch             ||     2
  Use: Scroll            ||     1
Armor: Leather armour    ||     4
Dodge: Dodged            ||     7
